Map: Fear and Faith LE

Players

faildoryne

  • Race: Terran Terran
  • League: Bronze

Kwispy - Winner!

  • Race: Terran Terran
  • League: Bronze

VOD

Have the link to the VOD?

Description

Time

  • Played on: Nov. 8, 2026, 6:17 p.m.
  • Length: 18:18
Show
View Real Time Build Order
Export as new Build Order

faildoryne Terran 

Build Orders:  

Get SALT Encoding   

  12  0:15  SCV  
  13  0:24  Supply Depot  
  13  0:27  SCV  
  14  0:43  SCV  
  14  0:47  Supply Depot  
  15  0:55  SCV  
  16  1:01  Refinery  
  16  1:07  SCV  
  16  1:09  Barracks  
  17  1:19  SCV  
  17  1:25  Refinery  
  18  1:31  SCV  
  19  1:39  Refinery  
  19  1:40  Refinery  
  19  1:43  SCV  
  20  1:55  SCV  
  20  1:56  Marine  
  20  2:01  Supply Depot  
  22  2:07  SCV  
  23  2:14  Marine  
  24  2:18  Barracks  
  24  2:19  SCV  
  25  2:32  Marine  
  25  2:36  Orbital Command  
  26  2:50  Marine  
  27  3:05  Command Center  
  27  3:08  Marine, Barracks  
  28  3:12  Barracks Reactor  
  28  3:18  SCV  
  29  3:25  Factory  
  29  3:30  SCV  
  30  3:42  SCV  
  30  3:45  Barracks Tech Lab  
  31  3:51  Marine  
  31  3:52  Marine  
  33  4:00  Barracks Reactor  
  33  4:09  Marine x2  
  34  4:10  Engineering Bay, Factory  
  34  4:14  Factory Tech Lab  
  35  4:22  SCV  
  36  4:34  SCV, Siege Tank  
  40  4:47  Armory  
  40  4:55  Factory Reactor, Starport  
  40  5:06  SCV  
  43  5:07  Widow Mine  
  43  5:18  SCV  
  44  5:22  Marine  
  44  5:23  Marine  
  48  5:28  Widow Mine  
  48  5:30  SCV  
  48  5:33  Starport  
  49  5:43  SCV  
  49  5:47  Fusion Core  
  52  5:50  Widow Mine  
  52  5:55  SCV  
  53  6:05  Widow Mine x2  
  53  6:07  SCV  
  53  6:08  Marine x5  
  65  6:11  Widow Mine  
  65  6:12  Starport Tech Lab  
  65  6:13  Starport Tech Lab  
  65  6:26  Marine x5  
  65  6:30  Missile Turret  
  70  6:36  Armory  
  70  6:38  SCV  
  71  6:40  Supply Depot  
  71  6:46  Supply Depot  
  71  6:50  SCV  
  72  7:02  SCV  
  72  7:04  Missile Turret  
  73  7:09  Missile Turret  
  73  7:14  SCV  
  74  7:26  SCV  
  75  7:34  Banshee, Raven  
  80  7:38  SCV  
  80  7:43  Missile Turret  
  81  7:48  Supply Depot  
  81  7:52  Marine x2  
  81  7:56  Marine x3  
  86  8:03  Orbital Command  
  86  8:04  Supply Depot  
  86  8:08  Liberator  
  86  8:10  Marine x2  
  86  8:11  Missile Turret  
  91  8:14  Marine x3, Missile Turret, Cloaking Field  
  91  8:17  Viking  
  96  8:28  Marine x2  
  96  8:29  Ghost Academy  
  96  8:32  Marine x3  
  96  8:34  Stimpack  
  101  8:46  Marine x2  
  101  8:47  Supply Depot  
  103  8:50  Marine x2  
  103  8:51  Supply Depot  
  105  8:59  Missile Turret  
  105  9:07  Viking x2  
  109  9:16  Missile Turret  
  109  9:21  Starport  
  109  9:26  SCV  
  110  9:34  Missile Turret  
  110  9:54  Missile Turret  
  110  10:01  Missile Turret  
  110  10:13  Command Center, Concussive Shells  
  110  10:15  Orbital Command  
  110  10:32  Bunker  
  110  10:37  Bunker  
  110  10:39  Widow Mine x2  
  110  10:40  Widow Mine  
  116  10:43  Bunker  
  116  10:48  Refinery  
  116  10:50  Refinery  
  116  10:56  Combat Shield  
  116  11:01  Widow Mine x3  
  122  11:05  Starport Reactor  
  122  11:26  Bunker  
  122  11:31  Planetary Fortress  
  122  11:47  Missile Turret  
  122  11:54  Missile Turret  
  122  11:58  Missile Turret  
  122  12:02  Terran Vehicle Weapons Level 1  
  122  12:03  Personal Cloaking  
  122  12:07  Weapon Refit  
  122  12:10  Missile Turret  
  122  12:14  Missile Turret, Refinery, SCV  
  123  12:22  SCV  
  124  12:26  SCV  
  125  12:33  SCV  
  125  12:34  SCV  
  127  12:39  SCV  
  127  12:40  Missile Turret  
  127  12:41  Siege Tank  
  129  12:45  SCV  
  129  12:46  SCV  
  129  12:51  SCV  
  132  12:57  SCV  
  127  13:03  SCV  
  119  13:09  SCV  
  117  13:13  Siege Tank  
  114  13:21  SCV  
  111  13:40  Caduceus Reactor  
  96  13:46  Siege Tank  
  63  14:34  Marine x2  
  65  14:47  Banshee  
  65  14:52  Marine x2  
  73  14:54  Widow Mine x2  
  72  15:15  Widow Mine  
  72  15:16  Widow Mine  
  48  16:08  Supply Depot  
  48  16:10  Supply Depot  
  47  16:33  Supply Depot  
  47  16:41  Barracks  
  47  16:44  Barracks  
  47  17:02  Barracks  
  45  17:25  Engineering Bay  
  45  17:30  Barracks Reactor  
  45  17:32  Barracks Reactor  
  45  17:39  Supply Depot  
  45  17:45  Bunker  
Show
View Real Time Build Order
Export as new Build Order

Kwispy Terran - Winner!

Build Orders: 2 Factory, Mech 

Get SALT Encoding   

  12  0:02  SCV  
  13  0:14  SCV  
  13  0:20  Supply Depot  
  14  0:26  SCV  
  15  0:41  SCV  
  16  0:51  Barracks  
  16  0:53  SCV  
  17  0:59  Refinery  
  17  1:05  SCV  
  18  1:18  SCV  
  19  1:30  SCV  
  20  1:43  Command Center  
  20  1:45  Orbital Command  
  20  1:47  Barracks Tech Lab  
  20  2:01  Refinery  
  20  2:11  Factory  
  20  2:19  SCV  
  21  2:26  Supply Depot  
  21  2:32  Marine  
  22  2:39  SCV  
  23  3:06  SCV, Supply Depot  
  23  3:09  Orbital Command  
  23  3:11  Supply Depot  
  24  3:14  Barracks Reactor  
  24  3:18  SCV  
  25  3:20  Siege Tank  
  25  3:22  Factory  
  28  3:30  SCV  
  29  3:35  SCV  
  30  3:44  Supply Depot  
  30  3:46  Supply Depot  
  30  3:47  SCV  
  31  3:58  Siege Tank  
  34  4:11  SCV x2  
  34  4:16  Hellion x2  
  40  4:23  SCV x2  
  42  4:34  Armory  
  42  4:35  Siege Tank  
  45  4:45  SCV x2  
  47  4:54  Factory  
  47  4:57  SCV x2  
  49  5:03  Command Center  
  49  5:09  SCV x2  
  51  5:18  Supply Depot  
  51  5:21  Armory  
  51  5:25  Refinery, Siege Tank  
  51  5:26  Hellion  
  56  5:29  Refinery  
  56  5:39  Hellion  
  56  5:41  Supply Depot, Factory Tech Lab  
  58  6:18  Factory Tech Lab  
  58  6:22  Hellion x2  
  62  6:36  Siege Tank  
  62  6:37  SCV  
  62  6:38  SCV  
  67  6:50  SCV  
  68  6:56  Command Center  
  68  6:58  Siege Tank  
  68  6:59  Hellion x2  
  75  7:02  Terran Vehicle Weapons Level 1  
  75  7:10  Engineering Bay  
  75  7:12  Supply Depot  
  75  7:14  Siege Tank  
  78  7:43  SCV x2  
  81  7:45  Factory  
  81  7:46  Orbital Command  
  80  7:55  SCV x2  
  80  7:56  Siege Tank  
  80  7:57  Thor  
  95  7:58  Hellion x2  
  95  8:19  SCV x2  
  102  8:20  SCV, Hellion x2  
  102  8:28  Thor  
  102  8:31  SCV x2  
  102  8:32  SCV  
  111  8:34  Factory Reactor  
  111  8:39  Factory  
  111  8:40  Supply Depot  
  111  8:57  Terran Vehicle And Ship Armor Level 1  
  111  9:13  SCV x3  
  111  9:15  Siege Tank  
  111  9:16  Thor  
  125  9:17  Hellion x3  
  125  9:18  Hellion  
  131  9:34  Factory Tech Lab  
  131  9:41  Supply Depot  
  131  9:42  Terran Vehicle Weapons Level 2  
  131  10:00  Thor  
  131  10:02  Thor  
  131  10:03  Hellion, Supply Depot  
  131  10:04  Hellion  
  147  10:12  Supply Depot  
  147  10:25  Thor, Hellion  
  147  10:28  Planetary Fortress  
  155  10:31  SCV  
  155  10:33  SCV  
  155  10:34  SCV, Hellion  
  160  10:43  SCV, Siege Tank  
  164  10:58  Refinery  
  164  11:02  SCV, Refinery  
  164  11:21  Siege Tank, SCV x3  
  170  11:28  Supply Depot  
  170  11:29  Supply Depot  
  170  11:42  Missile Turret x2  
  170  11:45  Missile Turret  
  170  11:50  Missile Turret  
  170  11:51  Missile Turret  
  170  11:53  Missile Turret  
  170  11:55  Missile Turret  
  170  11:56  Thor x3  
  170  11:58  Hellion x4  
  196  12:01  SCV  
  196  12:02  SCV x3  
  200  12:12  Supply Depot  
  200  12:17  Supply Depot  
  198  12:47  Command Center  
  198  12:52  SCV x2  
  161  13:22  Siege Tank  
  161  13:23  Siege Tank x2  
  161  13:25  Hellion x4  
  174  13:46  Hellion  
  174  13:47  Hellion x2  
  174  13:48  Hellion  
  182  13:54  Thor, Siege Tank  
  182  13:55  Siege Tank  
  194  13:56  SCV x2  
  194  13:57  SCV x2  
  186  14:14  Hellion x3  
  186  14:15  Hellion  
  188  14:26  Thor  
  188  14:27  Siege Tank  
  191  14:33  Factory  
  191  14:34  SCV x4  
  191  14:38  Siege Tank, Factory  
  192  14:57  Refinery  
  192  14:59  Refinery  
  182  15:21  SCV x2  
  182  15:22  SCV x2  
  182  15:23  SCV  
  182  15:24  Siege Tank, Thor  
  196  15:31  Cyclone  
  187  16:26  Starport  
  187  16:29  Starport  
  187  16:50  Missile Turret  
  187  16:52  Missile Turret  
  187  17:03  Supply Depot  
  187  17:07  Refinery x2  
  187  17:16  Thor x2  
  199  17:31  Orbital Command  
Tags
 
Composition
Mech
Matchup
TvT
Opening
2 Factory
Race
Terran
Add a new tag
Caveats
  • Supply blocks, unpowered buildings, or Contaminate may cause inaccurate times.
  • Supply counts are checked every 10 seconds.